 Dungeon Sprint DCSS version 0.30.1-9-gdf580d7c3d (webtiles) character file.

Game seed: 6368470738744732614

2291 Heoruswealwe the Impaler (level 9, -1/93 HPs)
             Began as a Minotaur Fighter on Oct 25, 2023.
             Was an Initiate of Gozag.
             Shot with an arrow by a centaur warrior (11 damage)
             ... in the Dungeon (Sprint IX: "|||||||||||||||||||||||||||||").
             The game lasted 00:04:17 (406 turns).

Heoruswealwe the Impaler (Minotaur Fighter)          Turns: 406, Time: 00:04:17

Health: -1/93      AC: 15    Str: 26    XL:     9   Next: 17%
Magic:  8/8        EV: 11    Int:  5    God:    Gozag
Gold:   441        SH:  0    Dex:  9    Spells: 8/8 levels left

rFire   . . .        b - +2 halberd (venom)
rCold   . . .        (shield currently unavailable)
rNeg    . . .        c - +1 chain mail
rPois   .            (helmet restricted)
rElec   .            (no cloak)
rCorr   .            f - +0 pair of gloves
SInv    .            (no boots)
Will    .....        (no amulet) Stlth
                     k - +2 ring of evasion
HPRegen 0.35/turn    (no ring)
MPRegen 0.11/turn

%: no teleportation
@: no status effects
A: horns 2, retaliatory headbutt
a: Renounce Religion, Potion Petition, Call Merchant, Bribe Branch


You were in the Dungeon.
You worshipped Gozag.
Gozag was aware of your devotion.
You visited 1 branch You collected 441 gold pieces.

Inventory:

Hand Weapons
 a - a +0 trident
 b - a +2 halberd of venom (weapon)
Armour
 c - a +1 chain mail (worn)
 d - a +0 buckler
 f - a +0 pair of gloves (worn)
Jewellery
 k - a +2 ring of evasion (left hand)
Wands
 h - a wand of iceblast (10)
Scrolls
 j - 2 scrolls of blinking
Potions
 e - 4 potions of curing
 g - a potion of haste
 i - a potion of berserk rage
 m - a potion of might


   Skills:
 + Level 13.0 Fighting
 * Level 17.4 Polearms
 + Level 13.0 Armour
 - Level 3.6 Shields


You had 8 spell levels left.
You didn't know any spells.
Your spell library was empty.

Dungeon Overview and Level Annotations

Branches:
Dungeon (1/1)

Altars:
Cheibriados
Dithmenos
Elyvilon
Fedhas
Gozag
Hepliaklqana
Kikubaaqudgha
Makhleb
Nemelex Xobeh
Okawaru
Qazlal
Ru
Sif Muna
Trog
Uskayaw
Vehumet
Wu Jian
Xom
Yredelemnul
Zin
The Shining One
Jiyva
Lugonu


Innate Abilities, Weirdness & Mutations

You have a pair of horns on your head.
You reflexively headbutt those who attack you in melee.


Message History

The centaur warrior shoots an arrow.
The arrow hits you.
Your Fighting skill increases to level 13!
Your Polearms skill increases to level 17!
Your Armour skill increases to level 13!
You have reached level 9!
Your experience leads to an increase in your attributes!
Increase (S)trength, (I)ntelligence, or (D)exterity?
You feel stronger. x2
Reach: b) +2 halberd (venom)
Press: ? - help, Dir - move target, f - centaur warrior
Aim: a centaur warrior, wielding a +0 longbow (about 27% to evade your +2 halberd of venom)
You reach to attack!
You completely miss the centaur warrior.
Unknown command.
Reach: b) +2 halberd (venom)
Press: ? - help, Dir - move target, f/p - centaur warrior
Aim: a centaur warrior, wielding a +0 longbow (about 27% to evade your +2 halberd of venom)
You reach to attack!
You hit the centaur warrior.
The centaur warrior is poisoned.
The centaur warrior is lightly wounded.
The centaur warrior shoots an arrow.
The arrow hits you!
The centaur warrior shoots an arrow.
The arrow hits you!
* * * LOW HITPOINT WARNING * * *
Reach: b) +2 halberd (venom)
Press: ? - help, Dir - move target, f/p - centaur warrior
Aim: a centaur warrior, wielding a +0 longbow (lightly wounded, very poisoned, about 27% to evade your +2 halberd of venom)
You reach to attack!
You barely miss the centaur warrior.
The centaur warrior is lightly wounded.
The centaur warrior shoots an arrow.
The arrow hits you!
* * * LOW HITPOINT WARNING * * *
Reach: b) +2 halberd (venom)
Press: ? - help, Dir - move target, f/p - centaur warrior
Aim: a centaur warrior, wielding a +0 longbow (lightly wounded, very poisoned, about 27% to evade your +2 halberd of venom)
You reach to attack!
You impale the centaur warrior!!
The centaur warrior is heavily wounded.
The centaur warrior shoots an arrow.
The arrow hits you!
* * * LOW HITPOINT WARNING * * *
You feel better.
The centaur warrior shoots an arrow.
The arrow hits you!
You die...
Your body crumbles into a pile of gold. $$$$$ $ $ $ $$$$$ $$ $ ▓▓▓▓▓▓▓▓▓▓▓▓▓▓▓▓▓▓▓▓▓▓▓▓ '!?)[[=...')....@$ccV... ▓▓▓▓▓▓▓▓▓▓▓▓▓▓▓▓▓▓▓▓▓▓▓▓

You could see a centaur warrior (very poisoned), a vampire and a centaur.

Vanquished Creatures
  A boulder beetle (D)
  A deep elf pyromancer (D)
  A manticore (D)
  A shadow (D)
  A yak (D)
  A vampire mosquito (D)
  An orc warrior (D)
  An ogre (D)
  A gnoll sergeant (D)
  2 scorpions (D)
  A killer bee (D)
  A hound (D)
  A gnoll bouda (D)
  A giant cockroach (D)
  A goblin (D)
  A kobold (D)
  2 rats (D)
19 creatures vanquished.

Notes
Turn   | Place    | Note
-------+----------+-------------------------------------------
     0 | D        | Heoruswealwe the Minotaur Fighter began the quest for the
                  | Orb.
     0 | D        | Reached XP level 1. HP: 19/19 MP: 0/0
     7 | D        | Reached skill level 3 in Polearms
    29 | D        | Noticed a scorpion
    29 | D        | Noticed a hound
    29 | D        | Noticed a gnoll bouda
    29 | D        | Noticed an ogre
    29 | D        | Noticed a scorpion
    36 | D        | Killed a scorpion
    37 | D        | Reached skill level 5 in Fighting
    37 | D        | Reached skill level 6 in Polearms
    37 | D        | Reached skill level 5 in Armour
    37 | D        | Reached XP level 2. HP: 24/30 MP: 1/1
    37 | D        | Reached XP level 3. HP: 29/37 MP: 2/2
    49 | D        | Reached skill level 7 in Polearms
    49 | D        | Reached XP level 4. HP: 16/44 MP: 3/3
    58 | D        | Reached skill level 8 in Polearms
    63 | D        | Killed an ogre
    64 | D        | Reached skill level 10 in Polearms
    64 | D        | Reached XP level 5. HP: 47/53 MP: 4/4
    71 | D        | Reached XP level 6. HP: 43/62 MP: 5/5
    77 | D        | Found a snail-covered altar of Cheibriados.
    77 | D        | Found a shadowy altar of Dithmenos.
    77 | D        | Found a white marble altar of Elyvilon.
    77 | D        | Found a blossoming altar of Fedhas.
    77 | D        | Found an opulent altar of Gozag.
    78 | D        | Found a hazy altar of Hepliaklqana.
    79 | D        | Found a viscous altar of Jiyva.
    80 | D        | Found an ancient bone altar of Kikubaaqudgha.
    81 | D        | Found a corrupted altar of Lugonu.
    82 | D        | Found a burning altar of Makhleb.
    83 | D        | Found a sparkling altar of Nemelex Xobeh.
    84 | D        | Found an iron altar of Okawaru.
    85 | D        | Became a worshipper of Gozag Ym Sagoz the Greedy
    86 | D        | Found a stormy altar of Qazlal.
    87 | D        | Found a sacrificial altar of Ru.
    88 | D        | Found a shimmering blue altar of Sif Muna.
    89 | D        | Found a bloodstained altar of Trog.
    90 | D        | Found a hide-covered altar of Uskayaw.
    91 | D        | Found a radiant altar of Vehumet.
    92 | D        | Found an ornate altar of the Wu Jian Council.
    93 | D        | Found a shimmering altar of Xom.
    94 | D        | Found a basalt altar of Yredelemnul.
    95 | D        | Found a glowing silver altar of Zin.
    96 | D        | Found a glowing golden altar of the Shining One.
   152 | D        | Noticed an orc warrior
   152 | D        | Noticed a vampire mosquito
   152 | D        | Noticed a shadow
   152 | D        | Noticed a yak
   159 | D        | Reached skill level 11 in Polearms
   162 | D        | Killed an orc warrior
   163 | D        | Reached skill level 12 in Polearms
   166 | D        | Killed a vampire mosquito
   167 | D        | Reached skill level 10 in Fighting
   167 | D        | Reached skill level 13 in Polearms
   167 | D        | Reached skill level 10 in Armour
   167 | D        | Reached XP level 7. HP: 19/72 MP: 6/6
   173 | D        | Killed a shadow
   176 | D        | Killed a yak
   177 | D        | Reached skill level 14 in Polearms
   376 | D        | Noticed a manticore
   376 | D        | Noticed a deep elf pyromancer
   376 | D        | Noticed a boulder beetle
   376 | D        | Noticed a centaur warrior
   376 | D        | Noticed a vampire
   380 | D        | Noticed a fire elemental
   386 | D        | Killed a manticore
   387 | D        | Reached skill level 15 in Polearms
   387 | D        | Reached XP level 8. HP: 56/82 MP: 7/7
   390 | D        | Killed a deep elf pyromancer
   391 | D        | Reached skill level 16 in Polearms
   401 | D        | Killed a boulder beetle
   402 | D        | Reached skill level 17 in Polearms
   402 | D        | Reached XP level 9. HP: 44/93 MP: 8/8
   405 | D        | HP: 3/93 [centaur warrior/arrow (14)]
   406 | D        | Shot with an arrow by a centaur warrior

Illustrated notes

Levels and vault maps discovered:
D:        linesprint [early_d, line_temple, items_1, d_10, items_2, lair_1,
          lair_end, items_3, orc_1, orc_end, items_4, d_15, swamp_1, shoals_1,
          snake_1, spider_1, d_20, vaults_1, items_5, swamp_end, shoals_end,
          snake_end, spider_end, vaults_end, d_27, items_6, zot_1, zot_end,
          crypt_end, forest_end, elf_end, slime_end, tomb_end, abyss_end,
          pan_hell_end]

Skill      XL: |  1  2  3  4  5  6  7  8 |
---------------+-------------------------+-----
Polearms       | 6 7 10 13 15 17 | 17.4
Fighting       | 5 6 7 8 10 11 13 | 13.0
Armour         | 5 6 7 8 10 11 13 | 13.0
Shields        | |  3.6

Action                     |  1- 3 |  4- 6 |  7- 9 || total
---------------------------+-------+-------+-------++-------
  Melee: Trident           |    29 |    21 |       ||    50
         Headbutt          |     3 |     5 |     6 ||    14
         Halberd           |       |    11 |    31 ||    42
    Use: Potion            |       |     1 |     3 ||     4
   Stab: Distracted        |       |     1 |       ||     1
 Armour: Scale mail        |    14 |     2 |       ||    16
         Chain mail        |       |     3 |    13 ||    16
  Dodge: Dodged            |     6 |     9 |    11 ||    26
  Block: Buckler           |     3 |     5 |       ||     8
